 Dungeon Crawl Stone Soup version 0.23.2-1-ga50397a6bc (webtiles) character file.

Game seed: 15646972328751164747

949 Menchi the Shield-Bearer (level 8, -2/67 HPs)
             Began as a Gnoll Fighter on May 3, 2019.
             Slain by an ogre
             ... wielding a cursed -3 giant club
              (23 damage)
             ... on level 4 of the Dungeon.
             The game lasted 00:07:32 (3443 turns).

Menchi the Shield-Bearer (Gnoll Fighter)            Turns: 3443, Time: 00:07:33

Health: -2/67      AC:  7    Str: 20    XL:     8   Next: 13%
Magic:  12/12      EV: 10    Int: 10    God:
Gold:   189        SH: 11    Dex: 16    Spells: 12/12 levels left

rFire    . . .     SeeInvis .   a - +0 long sword
rCold    . . .     Gourm    .   c - +0 shield
rNeg     . . .     Faith    .   b - +0 scale mail
rPois    .         Spirit   .   (no helmet)
rElec    .         Reflect  .   (no cloak)
rCorr    .         Harm     .   (no gloves)
MR       .....                  (no boots)
Stlth    +.........             (no amulet)
HPRegen  0.21/turn              (no ring)
MPRegen  0.13/turn              (no ring)

@: no status effects
A: distributed training, fangs 1, strong nose
a: no special abilities


You were on level 4 of the Dungeon.
You were hungry.

You visited 1 branch of the dungeon, and saw 5 of its levels.

You collected 189 gold pieces.

Inventory:

Hand Weapons
 a - a +0 long sword (weapon)
Armour
 b - a +0 scale mail (worn)
 c - a +0 shield (worn)
Wands
 h - a wand of flame (15)
 q - a wand of clouds (6)
Scrolls
 e - 5 scrolls of remove curse {unknown}
 i - 3 scrolls of blinking {unknown}
 j - 2 scrolls of teleportation {unknown}
 l - 5 scrolls of identify {unknown}
 n - a scroll of fog {unknown}
 o - 2 scrolls of enchant weapon {unknown}
 r - a scroll of amnesia {unknown}
Potions
 g - a potion of haste
 k - a potion of brilliance {unknown}
 m - a potion of magic
 p - a potion of curing {unknown}
Comestibles
 f - 6 rations


   Skills:
 + Level 7.2 Fighting
 + Level 2.9 Short Blades
 + Level 5.5 Long Blades
 + Level 2.9 Axes
 + Level 2.9 Maces & Flails
 + Level 2.9 Polearms
 + Level 2.9 Staves
 + Level 2.9 Slings
 + Level 2.9 Bows
 + Level 2.9 Crossbows
 + Level 2.9 Throwing
 + Level 7.2 Armour
 + Level 2.9 Dodging
 + Level 2.9 Stealth
 + Level 7.2 Shields
 + Level 2.9 Unarmed Combat
 + Level 2.9 Spellcasting
 + Level 2.3 Conjurations
 + Level 2.3 Hexes
 + Level 2.3 Charms
 + Level 2.3 Summonings
 + Level 2.3 Necromancy
 + Level 2.3 Translocations
 + Level 2.3 Transmutations
 + Level 2.3 Fire Magic
 + Level 2.3 Ice Magic
 + Level 2.3 Air Magic
 + Level 2.3 Earth Magic
 + Level 2.3 Poison Magic
 + Level 3.2 Invocations
 + Level 2.9 Evocations


You had 12 spell levels left.
You didn't know any spells.
Your spell library was empty.

Dungeon Overview and Level Annotations

Branches:
Dungeon (5/15)
 Temple: D:4-7

Altars:
Hepliaklqana
Nemelex Xobeh
Wu Jian
Xom
Yredelemnul
Zin


Innate Abilities, Weirdness & Mutations

Your experience applies equally to all skills.
You have very sharp teeth.
Your uncanny sense of smell can sniff out nearby items.


Message History

The orc wizard blinks!
The orc closely misses you. You block the orc's attack.
The ogre hits you but does no damage. The orc hits you but does no damage.
You climb upwards.
There is a stone staircase leading down here.
You are too injured to fight recklessly!
You are too injured to fight recklessly!
You are too injured to fight recklessly!
You are too injured to fight recklessly!
You are too injured to fight recklessly!
You slash the orc!
You kill the orc!
You block the orc's attack.
The ogre hits you with a cursed -3 giant club.
You barely miss the orc. You bite the orc.
The orc is heavily wounded.
You block the orc's attack. The orc closely misses you.
You riposte.
You hit the orc. You bite the orc.
You kill the orc!
The ogre hits you with a cursed -3 giant club!!
You die...

.# ##.##.##..# ##.#...####
.# #...#.##..# #........#
.# #.........# ###...##.#
.###...#.##.## ##.###.#
.##....#.##.# #.# #.#
....#.......########.###.#
###......................#
##........##############
###..##..# ##@##
#......##8Ooo8#
#..##..##.....#
#..##..#_....._######### #
#......##.....###......###
#
#.###..##8...8##..##.....#
# #.#
#####.....##..##.###.### #
#.# 8.....8##....# #...#
######.# .....#
#.##.###.#<#


You could see an ogre and 2 orcs.

Vanquished Creatures
  Grinder (D:4)
  An ogre (D:4)
  2 scorpions
  2 howler monkeys
  A jelly (D:3)
  4 orc wizards
  A bullfrog skeleton (D:5)
  A hound (D:4)
  3 orc priests
  Jessica (D:2)
  A worker ant (D:4)
  5 adders
  An ooze (D:1)
  3 worms
  3 dart slugs
  2 leopard geckos
  19 orcs
  A ball python (D:1)
  3 giant cockroaches
  7 goblins
  6 hobgoblins
  12 jackals
  A quokka (D:4)
  8 bats
  2 frilled lizards (D:2)
  5 kobolds
  5 rats
101 creatures vanquished.

Notes
Turn   | Place    | Note
-------+----------+-------------------------------------------
     0 | D:1      | Menchi the Gnoll Fighter began the quest for the Orb.
     0 | D:1      | Reached XP level 1. HP: 23/23 MP: 1/1
     1 | D:1      | Noticed an electric eel
   271 | D:1      | Reached XP level 2. HP: 26/29 MP: 2/2
   843 | D:2      | Reached XP level 3. HP: 33/35 MP: 3/3
  1158 | D:2      | Noticed Jessica
  1162 | D:2      | Killed Jessica
  1162 | D:2      | Reached skill level 1 in Short Blades
  1162 | D:2      | Reached skill level 1 in Axes
  1162 | D:2      | Reached skill level 1 in Maces & Flails
  1162 | D:2      | Reached skill level 1 in Polearms
  1162 | D:2      | Reached skill level 1 in Staves
  1162 | D:2      | Reached skill level 1 in Slings
  1162 | D:2      | Reached skill level 1 in Bows
  1162 | D:2      | Reached skill level 1 in Crossbows
  1162 | D:2      | Reached skill level 1 in Throwing
  1162 | D:2      | Reached skill level 1 in Dodging
  1162 | D:2      | Reached skill level 1 in Stealth
  1162 | D:2      | Reached skill level 1 in Unarmed Combat
  1162 | D:2      | Reached skill level 1 in Spellcasting
  1162 | D:2      | Reached skill level 1 in Invocations
  1162 | D:2      | Reached skill level 1 in Evocations
  1162 | D:2      | Reached XP level 4. HP: 41/41 MP: 5/5
  1227 | D:2      | Found a sparkling altar of Nemelex Xobeh.
  1470 | D:3      | Reached skill level 1 in Conjurations
  1470 | D:3      | Reached skill level 1 in Hexes
  1470 | D:3      | Reached skill level 1 in Charms
  1470 | D:3      | Reached skill level 1 in Summonings
  1470 | D:3      | Reached skill level 1 in Necromancy
  1470 | D:3      | Reached skill level 1 in Translocations
  1470 | D:3      | Reached skill level 1 in Transmutations
  1470 | D:3      | Reached skill level 1 in Fire Magic
  1470 | D:3      | Reached skill level 1 in Ice Magic
  1470 | D:3      | Reached skill level 1 in Air Magic
  1470 | D:3      | Reached skill level 1 in Earth Magic
  1470 | D:3      | Reached skill level 1 in Poison Magic
  1470 | D:3      | Reached XP level 5. HP: 18/47 MP: 6/6
  1878 | D:3      | Reached XP level 6. HP: 29/53 MP: 8/8
  2138 | D:3      | Reached skill level 5 in Long Blades
  2153 | D:3      | Found a basalt altar of Yredelemnul.
  2351 | D:4      | Reached XP level 7. HP: 34/59 MP: 10/10
  2544 | D:4      | Found a hazy altar of Hepliaklqana.
  2618 | D:4      | Noticed Grinder
  2640 | D:4      | Paralysed by Grinder for 4 turns
  2649 | D:4      | Killed Grinder
  2655 | D:4      | Found a shimmering altar of Xom.
  2807 | D:4      | Found a glowing silver altar of Zin.
  2809 | D:4      | Found an ornate altar of the Wu Jian Council.
  3308 | D:5      | Entered Level 5 of the Dungeon
  3315 | D:5      | Reached XP level 8. HP: 65/67 MP: 12/12
  3443 | D:4      | Slain by an ogre

Skill      XL: |  1  2  3  4  5  6  7 |
---------------+----------------------+-----
Short Blades   | 1 2 |  2.9
Axes           | 1 2 |  2.9
Maces & Flails | 1 2 |  2.9
Polearms       | 1 2 |  2.9
Staves         | 1 2 |  2.9
Slings         | 1 2 |  2.9
Bows           | 1 2 |  2.9
Crossbows      | 1 2 |  2.9
Throwing       | 1 2 |  2.9
Dodging        | 1 2 |  2.9
Stealth        | 1 2 |  2.9
Unarmed Combat | 1 2 |  2.9
Spellcasting   | 1 2 |  2.9
Invocations    | 1 2 3 |  3.2
Evocations     | 1 2 |  2.9
Conjurations   | 1 2 |  2.3
Hexes          | 1 2 |  2.3
Charms         | 1 2 |  2.3
Summonings     | 1 2 |  2.3
Necromancy     | 1 2 |  2.3
Translocations | 1 2 |  2.3
Transmutations | 1 2 |  2.3
Fire Magic     | 1 2 |  2.3
Ice Magic      | 1 2 |  2.3
Air Magic      | 1 2 |  2.3
Earth Magic    | 1 2 |  2.3
Poison Magic   | 1 2 |  2.3
Long Blades    | 5 |  5.5
Fighting       | 7 |  7.2
Armour         | 7 |  7.2
Shields        | 7 |  7.2

Action                   |  1- 3 |  4- 6 |  7- 9 || total
-------------------------+-------+-------+-------++-------
Melee: Long sword        |    58 |   181 |   110 ||   349
       Bite              |     5 |    28 |    22 ||    55
  Use: Potion            |       |     2 |     1 ||     3
  Eat: Chunk             |     1 |     4 |     3 ||     8
Armor: Scale mail        |    37 |    43 |    35 ||   115
Dodge: Dodged            |    14 |    64 |    43 ||   121
Block: Shield            |    42 |   105 |    76 ||   223
       Rpst.: Long sword |     4 |    17 |    14 ||    35
